 Dungeon Crawl Stone Soup version 0.24.0-125-gc4c63601f3 (webtiles) character file.

Game seed: 8953177119599462708, levelgen mode: deterministic

229 Heliosone the Poker (level 6, 0/48 HPs)
             Began as a Merfolk Gladiator on Mar 21, 2020.
             Succumbed to a worker ant's poison
             ... on level 4 of the Dungeon.
             The game lasted 00:06:02 (4279 turns).

Heliosone the Poker (Merfolk Gladiator)             Turns: 4279, Time: 00:06:03

Health: 0/48       AC:  5    Str: 15 (17) XL:     6   Next: 3%
Magic:  6/6        EV: 14    Int:  4 (7)  God:
Gold:   182        SH:  0    Dex: 13 (15) Spells: 5/5 levels left

rFire    . . .     SeeInvis .   a - +0 trident
rCold    . . .     Gourm    .   (no shield)
rNeg     . . .     Faith    .   b - +0 leather armour
rPois    .         Spirit   .   c - +0 helmet
rElec    .         Reflect  .   q - +0 cloak
rCorr    .         Harm     .   (no gloves)
MR       .....                  (no boots)
Stlth    +.........             (no amulet)
HPRegen  0.16/turn              (no ring)
MPRegen  0.10/turn              (no ring)

@: lethally poisoned (0 -> -2)
A: change form in water, swift swim, stealthy swim
a: no special abilities


You were on level 4 of the Dungeon.
You were hungry.

You visited 1 branch of the dungeon, and saw 4 of its levels.

You collected 182 gold pieces.

Inventory:

Hand Weapons
 a - a +0 trident (weapon)
Missiles
 d - 3 throwing nets (quivered)
Armour
 b - a +0 leather armour (worn)
 c - a +0 helmet (worn)
 q - a +0 cloak (worn)
Jewellery
 e - a cursed -3 ring of protection {unknown}
 j - an uncursed amulet of guardian spirit {unknown}
 t - an uncursed ring of protection from cold
Scrolls
 g - a scroll of magic mapping {unknown}
 k - 5 scrolls of identify {unknown}
 l - a scroll of random uselessness {unknown}
 n - 2 scrolls of immolation {unknown}
 p - 2 scrolls of teleportation {unknown}
 r - a scroll of blinking {unknown}
 s - 2 scrolls of fear {unknown}
 v - a scroll of remove curse {unknown}
 y - a scroll of enchant weapon {unknown}
Potions
 h - a potion of lignification {unknown}
 i - a potion of magic {unknown}
 m - a potion of haste {unknown}
 o - a potion of flight {unknown}
 u - a potion of degeneration
 w - a potion of curing {unknown}
 x - a potion of mutation {unknown}
 A - a potion of heal wounds {unknown}
Comestibles
 f - 9 rations
 z - 2 chunks of flesh


   Skills:
 + Level 4.2 Fighting
 + Level 6.5 Polearms
 - Level 2.0 Throwing
 + Level 5.9 Dodging


You had 5 spell levels left.
You didn't know any spells.
Your spell library was empty.

Dungeon Overview and Level Annotations

Branches:
Dungeon (4/15)
 Temple: D:4-7

Altars:
Trog


Message History

* * * LOW HITPOINT WARNING * * *
You feel sick.
* * * LOW HITPOINT WARNING * * *
You feel sick.
It was a potion of degeneration.
There was something very wrong with that liquid.
You feel weakened.
You feel dopey.
You feel clumsy.
* * * LOW HITPOINT WARNING * * *
You feel sick.
You hit the giant cockroach but do no damage.
The giant cockroach bites you but does no damage.
You barely miss the giant cockroach.
The giant cockroach bites you but does no damage.
You hit the giant cockroach.
The giant cockroach is severely wounded.
The giant cockroach bites you.
* * * LOW HITPOINT WARNING * * *
You hit the giant cockroach.
You kill the giant cockroach!
You die...

............#
#........#.#
............
#.#........# ...........
#.#####..### ..........
#.#......# .........
#.#.##...#
........#######.#.##...#
................#.##...#
....!.)...........###.##
.!....#......@..#####.#
....#.#)#######.......#
... . #.# #..###### ##
## #.# #<.# #.########.#
#..........#
############


There were no monsters in sight!

Vanquished Creatures
  A bullfrog skeleton (D:4)
  An orc wizard (D:4)
  A worker ant (D:4)
  Robin (D:2)
  4 adders
  2 oozes (D:2)
  3 worms
  4 leopard geckos
  3 orcs (D:4)
  7 giant cockroaches
  9 hobgoblins
  4 jackals (D:1)
  2 quokkas
  6 bats
  6 frilled lizards
  7 goblins
  7 kobolds
  A quokka skeleton (D:4)
  16 rats
85 creatures vanquished.

Notes
Turn   | Place    | Note
-------+----------+-------------------------------------------
     0 | D:1      | Heliosone the Merfolk Gladiator began the quest for the
                  | Orb.
     0 | D:1      | Reached XP level 1. HP: 16/16 MP: 1/1
   332 | D:1      | Reached XP level 2. HP: 22/23 MP: 2/2
  1023 | D:1      | Reached skill level 5 in Polearms
  1047 | D:1      | Reached XP level 3. HP: 25/28 MP: 3/3
  1654 | D:2      | Reached XP level 4. HP: 32/35 MP: 4/4
  1700 | D:2      | Noticed Robin
  1734 | D:2      | Killed Robin
  1734 | D:2      | Reached skill level 5 in Dodging
  2879 | D:3      | Noticed a moth of wrath
  2909 | D:3      | Reached XP level 5. HP: 31/42 MP: 5/5
  3190 | D:3      | Found a bloodstained altar of Trog.
  4020 | D:3      | Reached skill level 6 in Polearms
  4268 | D:4      | Reached XP level 6. HP: 4/48 MP: 6/6
  4273 | D:4      | HP: 2/48 [poisoned by a worker ant]
  4278 | D:4      | HP: 1/48 [giant cockroach (1)]
  4279 | D:4      | Succumbed to a worker ant's poison

Levels and vault maps discovered:
D:1:      dpeg_arrival_ratfight, layout_basic, st_stairs_1, nrook_loot_triangle,
          grunt_decor_clamped
D:2:      layout_loops_ring, minmay_joined_circles, uniq_robin
D:3:      layout_loops_cross, tgw_trog, first_ration
D:4:      layout_basic, portal_sewer_entry_f

Skill      XL: |  1  2  3  4  5 |
---------------+----------------+-----
Polearms       | 5 6 |  6.5
Fighting       | 3 4 |  4.2
Dodging        | 5 |  5.9
Throwing       | |  2.0

Action                   |  1- 3 |  4- 6 || total
-------------------------+-------+-------++-------
Melee: Trident           |   159 |   183 ||   342
  Use: Potion            |       |     1 ||     1
 Stab: Sleeping          |     2 |       ||     2
  Eat: Chunk             |     3 |     7 ||    10
Armor: Leather armour    |    39 |    24 ||    63
Dodge: Dodged            |    97 |    98 ||   195
